[Event "Fagernes Chess GM-Swiss 2025"]
[Site "Fagernes"]
[Date "2025.04.17"]
[Round "6.1"]
[White "Ghasi, Ameet K"]
[Black "Jumabayev, Rinat"]
[Result "1-0"]
[Annotator "RC"]
[ECO "E04"]
[WhiteElo "2502"]
[BlackElo "2549"]
[PlyCount "55"]
[EventDate "2025.04.12"]
[EventCountry "NOR"]
[SourceTitle "playchess.com"]
[Source "ChessBase"]
[SourceQuality "1"]
[TimeControl "40/6000+30:2400+30"]

1. c4 e6 2. Nf3 d5 3. d4 Nf6 4. g3 Nbd7 5. Bg2 dxc4 6. Qc2 c5 7. O-O b5 8. a4 b4 9. Ne5 Nxe5 10. dxe5 Nd5 11. Rd1 Qc7 12. Nd2 c3 13. Nc4 Rb8 14. e4 b3 15. Qe2 c2 16. Rxd5 exd5 17. exd5 Ba6 18. d6 Qd7 19. e6 Qxe6 20. Bc6+ Kd8 21. Bg5+ Be7 22. Bxe7+ Kc8 23. Qd2 Bxc4 24. Re1 Qxe1+ 25. Qxe1 Be6 26. Qe3 Rb6 27. Qxc5 Kb8 28. d7 1-0

[Event "Fagernes Chess GM-Swiss 2025"]
[Site "Fagernes"]
[Date "2025.04.17"]
[Round "6.2"]
[White "Urkedal, Frode Olav Olsen"]
[Black "Raja Rithvik R"]
[Result "1/2-1/2"]
[Annotator "RC"]
[ECO "E53"]
[WhiteElo "2550"]
[BlackElo "2538"]
[PlyCount "95"]
[EventDate "2025.04.12"]
[EventCountry "NOR"]
[SourceTitle "playchess.com"]
[Source "ChessBase"]
[SourceQuality "1"]
[TimeControl "40/6000+30:2400+30"]

1. d4 Nf6 2. c4 e6 3. Nc3 Bb4 4. e3 O-O 5. Bd3 d5 6. a3 Bxc3+ 7. bxc3 dxc4 8. Bxc4 c5 9. Nf3 Qc7 10. Be2 b6 11. Bb2 cxd4 12. exd4 Nd5 13. c4 Nf4 14. Bf1 Bb7 15. g3 Ng6 16. Be2 Nd7 17. h4 h6 18. O-O Rad8 19. Qc1 Nf6 20. Nd2 Ne7 21. Bf3 Bxf3 22. Nxf3 Rc8 23. d5 Qxc4 24. Qxc4 Rxc4 25. dxe6 fxe6 26. Nd4 e5 27. Ne6 Re8 28. Bxe5 Nf5 29. Bxf6 Rxe6 30. Bb2 Nxh4 31. Rac1 Nf3+ 32. Kg2 Rxc1 33. Rxc1 Ne1+ 34. Kf1 Nd3 35. Rc8+ Kh7 36. Bc3 Re7 37. a4 h5 38. a5 bxa5 39. Bxa5 Rf7 40. Rc2 g5 41. Ra2 Nc5 42. Kg2 Nb3 43. Ra3 Nxa5 44. Rxa5 Kg6 45. Ra6+ Kh7 46. Ra5 Rg7 47. Ra6 Kg8 48. Kh3 1/2-1/2

[Event "Fagernes Chess GM-Swiss 2025"]
[Site "Fagernes"]
[Date "2025.04.17"]
[Round "6.3"]
[White "Ghosh, Diptayan"]
[Black "Hillarp Persson, Tiger"]
[Result "1-0"]
[Annotator "TA"]
[ECO "D02"]
[WhiteElo "2573"]
[BlackElo "2462"]
[PlyCount "75"]
[EventDate "2025.04.12"]
[EventCountry "NOR"]
[SourceTitle "playchess.com"]
[Source "ChessBase"]
[SourceQuality "1"]
[TimeControl "40/6000+30:2400+30"]

1. Nf3 d5 2. g3 Nc6 3. d4 Bg4 4. Bg2 Qd7 5. O-O O-O-O 6. c3 Bh3 (6... f6 $11) 7. Nbd2 ({White should play} 7. Bxh3 $16 Qxh3 8. e4 dxe4 9. Ng5) 7... Bxg2 8. Kxg2 {[%emt 0:00:11] White is slightly better.} e5 9. Nxe5 $16 (9. dxe5 Nge7 $14) 9... Nxe5 10. dxe5 Ne7 11. Nf3 h6 12. Be3 Kb8 13. Qd3 Nc6 14. b4 {[%emt 0:25:03] White is more active.} Qe8 15. Rad1 Nxe5 {[%emt 0:02:18] [#]} (15... g5 $16) 16. Bxa7+ $1 $18 Kxa7 (16... Ka8 17. Nxe5) 17. Qd4+ Kb8 18. Qxe5 (18. Nxe5 $6 Be7 $16) 18... Bd6 19. Qxg7 Rg8 20. Qf6 Qxe2 21. Rxd5 (21. Qxf7 Rgf8 22. Qh5 (22. Qxd5 Be7 $18) 22... Qc4 23. Rxd5 (23. Qxd5 Qxc3 24. b5 Ba3 $18) 23... Qxc3 $18) 21... Qxa2 22. Ra5 (22. Qxf7 Rgf8 23. Qh5 Qc4 $18) 22... Qe6 {[%emt 0:00:27] [#]} 23. Rfa1 $1 c6 (23... Rxg3+ 24. hxg3 Kc8 25. Ra8+ Kd7 26. Rxd8+ (26. Qxd8+ Kc6 27. Nd4+ Kd5 28. Nxe6 fxe6 29. Rd1+ Kc4 30. Ra3 h5 31. Rd4+ Kb5 32. Ra5+ Kc6 33. Qe8+ Kb6 34. Qb5#) 26... Kc6 27. Nd4+ Kd5 28. Nxe6) 24. Qxe6 fxe6 25. Nd4 Rg6 26. b5 e5 (26... Kc7 $142 27. bxc6 e5 28. Nb5+ Kxc6 29. Nxd6 Rdxd6 30. Rxe5 Rd3) 27. Nf5 {[%emt 0:01:14] b6 would now be deadly.} cxb5 28. Rxb5 Bc7 29. Rab1 b6 30. Ne3 Kb7 31. Nd5 Rd7 (31... e4 $142 32. c4 Rdd6) 32. c4 Bd8 33. Re1 Rc6 {[%emt 0:01:15] White has a decisive advantage.} 34. Re4 ({Don't take} 34. Rxe5 $6 Rxc4 35. Rb3 Rc6 $18) 34... Rc8 35. h4 ({Don't play} 35. Rxe5 $6 Rxc4 36. Rb1 Rc6 $18) 35... Rd6 36. Ne3 ({Much less strong is} 36. Rxe5 $6 Rxc4 37. Ne3 Rcc6 $18) 36... Bf6 37. Ng4 Bg7 38. Nxe5 {[%emt 0:00:52] Weighted Error Value: White=0.24 (precise) /Black=0.32.  Mistake:       	White=1     	Black=5      Inaccurate:     	White=2     	Black=1      OK:         	White=17    	Black=13     Best:        	White=1     	Black=1      Brilliant:      	White=1     	---} 1-0

[Event "Fagernes Chess GM-Swiss 2025"]
[Site "Fagernes"]
[Date "2025.04.17"]
[Round "6.4"]
[White "Johansson, Linus"]
[Black "Makhnev, Denis"]
[Result "1/2-1/2"]
[Annotator "RC"]
[ECO "D26"]
[WhiteElo "2392"]
[BlackElo "2537"]
[PlyCount "34"]
[EventDate "2025.04.12"]
[EventCountry "NOR"]
[SourceTitle "playchess.com"]
[Source "ChessBase"]
[SourceQuality "1"]
[TimeControl "40/6000+30:2400+30"]

1. d4 d5 2. c4 dxc4 3. e3 Nf6 4. Bxc4 e6 5. Nf3 Be7 6. O-O O-O 7. b3 b6 8. Bb2 Bb7 9. Nbd2 Nbd7 10. Qe2 a6 11. Rfd1 c5 12. dxc5 Bxc5 13. a3 Qe7 14. b4 Bd6 15. Bd3 b5 16. Rac1 Rac8 17. Bb1 h6 1/2-1/2

[Event "Fagernes Chess GM-Swiss 2025"]
[Site "Fagernes"]
[Date "2025.04.17"]
[Round "6.5"]
[White "Moksh Amit Doshi"]
[Black "Kvaloy, Aksel Bu"]
[Result "1-0"]
[Annotator "RC"]
[ECO "E49"]
[WhiteElo "2369"]
[BlackElo "2481"]
[PlyCount "117"]
[EventDate "2025.04.12"]
[EventCountry "NOR"]
[SourceTitle "playchess.com"]
[Source "ChessBase"]
[SourceQuality "1"]
[TimeControl "40/6000+30:2400+30"]

1. d4 Nf6 2. c4 e6 3. Nc3 Bb4 4. e3 O-O 5. Bd3 d5 6. a3 Bxc3+ 7. bxc3 c5 8. Ne2 dxc4 9. Bxc4 Qc7 10. Ba2 b6 11. O-O Ba6 12. Bb2 Nc6 13. Rc1 Na5 14. c4 cxd4 15. Qxd4 Nc6 16. Qh4 Nd7 17. Nf4 Nde5 18. Bb1 Ng6 19. Qg3 Rac8 20. Rfd1 Rfd8 21. h4 Rxd1+ 22. Rxd1 Rd8 23. Rc1 e5 24. Nd5 Qd6 25. h5 Nf8 26. Be4 Nd7 27. h6 Qxh6 28. Nc7 Nc5 29. Bxc6 Qxc6 30. Nd5 Kh8 31. Qxe5 Ne6 32. Nb4 Qc8 33. Nxa6 Qxa6 34. f4 Rg8 35. f5 Nc5 36. Rd1 Qc8 37. f6 g6 38. Qe7 Rf8 39. Be5 Kg8 40. Qxa7 Qg4 41. Rf1 Ne4 42. Qxb6 Nd2 43. Qd4 Qxd4 44. exd4 Nxf1 45. Kxf1 Rc8 46. c5 Kf8 47. Ke2 Ke8 48. Kd3 Kd7 49. Kc4 Ra8 50. d5 Rxa3 51. c6+ Kd8 52. d6 Ra6 53. Kb5 Ra3 54. Bd4 Rb3+ 55. Ka6 Rd3 56. Kb7 Rxd4 57. c7+ Kd7 58. c8=Q+ Kxd6 59. Qe8 1-0

[Event "Fagernes Chess GM-Swiss 2025"]
[Site "Fagernes"]
[Date "2025.04.17"]
[Round "6.6"]
[White "Dotzer, Lukas"]
[Black "Willow, Jonah B"]
[Result "1/2-1/2"]
[Annotator "RC"]
[ECO "C03"]
[WhiteElo "2453"]
[BlackElo "2471"]
[PlyCount "24"]
[EventDate "2025.04.12"]
[EventCountry "NOR"]
[SourceTitle "playchess.com"]
[Source "ChessBase"]
[SourceQuality "1"]
[TimeControl "40/6000+30:2400+30"]

1. e4 e6 2. d4 d5 3. Nd2 Be7 4. Bd3 c5 5. dxc5 Nf6 6. Qe2 a5 7. Ngf3 O-O 8. O-O Na6 9. e5 Nd7 10. c3 Naxc5 11. Bc2 a4 12. Nd4 f6 1/2-1/2

[Event "Fagernes Chess GM-Swiss 2025"]
[Site "Fagernes"]
[Date "2025.04.17"]
[Round "6.7"]
[White "Urazayev, Arystanbek"]
[Black "Mitusov, Semen"]
[Result "1/2-1/2"]
[Annotator "RC"]
[ECO "C55"]
[WhiteElo "2467"]
[BlackElo "2459"]
[PlyCount "120"]
[EventDate "2025.04.12"]
[EventCountry "NOR"]
[SourceTitle "playchess.com"]
[Source "ChessBase"]
[SourceQuality "1"]
[TimeControl "40/6000+30:2400+30"]

1. e4 e5 2. Nf3 Nc6 3. Bc4 Nf6 4. Nc3 Nxe4 5. Nxe4 d5 6. Bd3 dxe4 7. Bxe4 Bd6 8. d4 Nxd4 9. Nxd4 exd4 10. Qxd4 O-O 11. Be3 Be7 12. O-O-O Qxd4 13. Bxd4 c6 14. a4 Be6 15. a5 a6 16. Bb6 h5 17. f4 f5 18. Bf3 g6 19. Rhe1 Kf7 20. c3 Rae8 21. Re3 Bf6 22. Kc2 Bc8 23. Red3 Re6 24. Bd8 Bg7 25. h4 Rfe8 26. Bb6 Bf6 27. Bf2 R6e7 28. g3 Be6 29. b3 Bc8 30. Bd4 Bxd4 31. Rxd4 Re3 32. R4d3 Kf6 33. c4 Rxd3 34. Kxd3 Rd8+ 35. Kc3 Rxd1 36. Bxd1 Ke6 37. Kd4 Kd6 38. b4 Be6 39. Bb3 Bf7 40. Bc2 Be6 41. Bd1 Bf7 42. Bf3 Be6 43. Bg2 Bd7 44. Kc3 Bc8 45. Bf1 Be6 46. Kd4 Bc8 47. Bd3 Bd7 48. Bb1 Bc8 49. Ba2 Be6 50. Bb3 Bf7 51. c5+ Ke7 52. Ba4 Ke6 53. Bd1 Kf6 54. Bf3 Be8 55. Be2 Bd7 56. Bc4 Be6 57. Be2 Bd7 58. Bd1 Be6 59. Bc2 Bd7 60. Ba4 Be8 1/2-1/2

[Event "Fagernes Chess GM-Swiss 2025"]
[Site "Fagernes"]
[Date "2025.04.17"]
[Round "6.8"]
[White "Kulaots, Kaido"]
[Black "Csonka, Balazs"]
[Result "1/2-1/2"]
[Annotator "RC"]
[ECO "C65"]
[WhiteElo "2510"]
[BlackElo "2459"]
[PlyCount "98"]
[EventDate "2025.04.12"]
[EventCountry "NOR"]
[SourceTitle "playchess.com"]
[Source "ChessBase"]
[SourceQuality "1"]
[TimeControl "40/6000+30:2400+30"]

1. e4 e5 2. Nf3 Nc6 3. Bb5 Nf6 4. d3 Bc5 5. Bxc6 dxc6 6. O-O Qe7 7. Nbd2 Bg4 8. h3 Bh5 9. Nc4 Nd7 10. a3 O-O-O 11. g4 Bg6 12. b4 Bd6 13. Bg5 f6 14. Bd2 Nf8 15. Nh4 Ne6 16. Nf5 Qd7 17. Be3 Kb8 18. Qe2 h5 19. Kg2 Rh7 20. Rh1 Rdh8 21. Rad1 Bf7 22. Nfxd6 cxd6 23. Nd2 d5 24. Nb3 d4 25. Bc1 g5 26. Bd2 Nf8 27. Nc1 Be6 28. f3 Ng6 29. Rdg1 Rh6 30. Qe1 Qh7 31. Ne2 hxg4 32. hxg4 Rh2+ 33. Rxh2 Qxh2+ 34. Kf1 Qh3+ 35. Kf2 Nh4 36. Rg3 Qh2+ 37. Kf1 Nxf3 38. Rxf3 Bxg4 39. Qg3 Bh3+ 40. Ke1 Qh1+ 41. Ng1 Bg2 42. Rf1 a6 43. Qf2 Bxf1 44. Kxf1 Rh2 45. Qf3 Qxf3+ 46. Nxf3 Rh1+ 47. Ng1 Rh2 48. Nf3 Rh1+ 49. Ng1 Rh2 1/2-1/2

[Event "Fagernes Chess GM-Swiss 2025"]
[Site "Fagernes"]
[Date "2025.04.17"]
[Round "6.9"]
[White "Kantor, Gergely"]
[Black "Melaa, Sondre"]
[Result "1-0"]
[Annotator "TA"]
[ECO "C54"]
[WhiteElo "2578"]
[BlackElo "2344"]
[PlyCount "79"]
[EventDate "2025.04.12"]
[EventCountry "NOR"]
[SourceTitle "playchess.com"]
[Source "ChessBase"]
[SourceQuality "1"]
[TimeControl "40/6000+30:2400+30"]

1. e4 e5 2. Nf3 Nc6 3. Bc4 Nf6 4. d3 Bc5 5. c3 a6 6. O-O d6 7. Bg5 h6 8. Bh4 Ba7 9. Nbd2 {[%emt 0:00:17] The position is equal.} Qe7 10. a4 (10. b4 $14) 10... g5 $11 11. Bg3 Nd7 12. b4 Nf8 13. b5 Na5 14. Bd5 h5 {[%emt 0:06:32] ...h4 would now be deadly.} 15. h4 g4 16. Nh2 Ng6 17. Kh1 (17. Nb3 $15 Nxb3 18. Qxb3) 17... c6 18. Ba2 O-O $2 (18... cxb5 $6 19. axb5 axb5 20. f3 $14) (18... Rh7 $17 {keeps the pressure on.}) 19. f3 $16 Nxh4 20. fxg4 hxg4 21. Nxg4 Ng6 $2 {[%emt 0:16:55] This move loses the game for Black.} (21... Qg5 $16) 22. Nf6+ $18 Kg7 {[%emt 0:00:14][%cal Bg8g7,Bg7h6,Bh6g5,Bg5f6][%mdl 32] [#]} 23. Bh4 $1 Rh8 24. Nh5+ Rxh5 25. Qxh5 Qxh4+ 26. Qxh4 Nxh4 27. Rxf7+ Kh6 {[%emt 0:00:23] [#]} 28. g3 $1 Ng6 (28... axb5 29. gxh4 Bg4 30. Rf6+ Kg7) 29. Kg2 Bg4 30. Rh1+ Kg5 31. bxa6 bxa6 {[%emt 0:00:29] [#]} 32. Be6 $1 Nh8 (32... Bxe6 33. Nf3+ Kg4 34. Rg7 Bg8 35. Rxg6#) 33. Rg7+ Kf6 34. Rxa7 Rxa7 35. Bxg4 Rb7 (35... Ng6 $142 36. Bf5 Kg7 37. Bxg6 Kxg6) 36. Kf3 ({White must play} 36. Rxh8 $18 Rb2 37. Kh3 Rxd2 38. Rh6+ Ke7 39. Re6+ Kd8 40. Rxd6+ Kc7 41. Rd7+ Kb6 42. Be6) 36... Nf7 $16 {[%emt 0:00:42] [#]} 37. Ke3 $1 d5 (37... Rb2 {might work better.} 38. Rf1+ Ke7) 38. Bf3 Ke6 39. Rh7 {[%emt 0:01:54] exd5+ would now be deadly.} Rd7 (39... Kd6 40. exd5 cxd5 41. Nc4+ Nxc4+ 42. dxc4 d4+ 43. Kd3 (43. cxd4 Rb3+ 44. Ke2 Rxf3 $17) 43... Rb3 44. Rxf7 Rxc3+ 45. Kd2 Ra3) 40. Bg4+ {[%emt 0:00:03] Weighted Error Value: White=0.25 (precise) /Black=0.62  Loses game:     	---       	Black=1      Mistake:       	White=3     	Black=5      Inaccurate:     	White=2     	Black=2      OK:         	White=11    	Black=10     Best:        	White=6     	Black=5      Strong:       	White=1     	---        Brilliant:      	White=1     	---} 1-0

[Event "Fagernes Chess GM-Swiss 2025"]
[Site "Fagernes"]
[Date "2025.04.17"]
[Round "6.10"]
[White "Rozentalis, Eduardas"]
[Black "Grave, Jacob Templen"]
[Result "1-0"]
[Annotator "RC"]
[ECO "C26"]
[WhiteElo "2481"]
[BlackElo "2337"]
[PlyCount "93"]
[EventDate "2025.04.12"]
[EventCountry "NOR"]
[SourceTitle "playchess.com"]
[Source "ChessBase"]
[SourceQuality "1"]
[TimeControl "40/6000+30:2400+30"]

1. e4 e5 2. Nf3 Nc6 3. Nc3 Nf6 4. g3 Bc5 5. Bg2 d6 6. d3 a5 7. O-O O-O 8. h3 h6 9. Be3 Bxe3 10. fxe3 Ne7 11. Nh4 c6 12. d4 a4 13. a3 d5 14. exd5 Nfxd5 15. Nxd5 Nxd5 16. Qd3 exd4 17. exd4 Be6 18. Rf2 Nb6 19. Re1 Qd7 20. Nf3 Bxh3 21. Bxh3 Qxh3 22. Ng5 hxg5 23. Rh2 Qxh2+ 24. Kxh2 Rfe8 25. Rxe8+ Rxe8 26. c4 Nd7 27. d5 Ne5 28. Qe4 g4 29. Kg2 f6 30. c5 cxd5 31. Qxd5+ Kf8 32. Qd4 Re7 33. Qxa4 f5 34. Qf4 g6 35. b4 Nf3 36. Kf2 Kg7 37. b5 Re5 38. c6 bxc6 39. bxc6 Rc5 40. Qb4 Rc2+ 41. Ke3 Kh6 42. Qf8+ Kh7 43. Qe7+ Kh6 44. c7 Rc3+ 45. Ke2 Nd4+ 46. Kd2 Nb5 47. Qf8+ 1-0

[Event "Fagernes Chess GM-Swiss 2025"]
[Site "Fagernes"]
[Date "2025.04.17"]
[Round "6.11"]
[White "Bazakutsa, Svyatoslav"]
[Black "Kreken, Eivind Grunt"]
[Result "0-1"]
[Annotator "RC"]
[ECO "D20"]
[WhiteElo "2474"]
[BlackElo "2326"]
[PlyCount "98"]
[EventDate "2025.04.12"]
[EventCountry "NOR"]
[SourceTitle "playchess.com"]
[Source "ChessBase"]
[SourceQuality "1"]
[TimeControl "40/6000+30:2400+30"]

1. d4 d5 2. c4 dxc4 3. e4 Nf6 4. e5 Nd5 5. Bxc4 Bf5 6. Nc3 Nb4 7. e6 fxe6 8. g4 Bc2 9. Qe2 Bg6 10. Nf3 Nc2+ 11. Kf1 Nc6 12. Be3 Nxa1 13. Bxe6 a6 14. Bf4 Nxd4 15. Nxd4 Qxd4 16. Be5 Qd3 17. Nd5 Rc8 18. f3 c6 19. Nf4 Qxe2+ 20. Kxe2 Rd8 21. Rxa1 Bf7 22. h4 Rg8 23. h5 Rd6 24. Bxd6 exd6 25. Bc8 b5 26. Bxa6 Kd7 27. a4 b4 28. Bd3 Be7 29. Bxh7 Re8 30. Nd3 c5 31. Kd2 Bf6 32. a5 b3 33. a6 Bd5 34. Be4 Bxe4 35. fxe4 c4 36. a7 Ra8 37. Nb4 Bxb2 38. Nd5 c3+ 39. Kd3 Bxa1 40. Nb6+ Kc6 41. Nxa8 c2 42. Nb6 Kxb6 43. a8=Q c1=Q 44. Qb8+ Ka5 45. Qxb3 Qf1+ 46. Kc2 Qe2+ 47. Kc1 Qe1+ 48. Kc2 Qxe4+ 49. Kc1 Be5 0-1

[Event "Fagernes Chess GM-Swiss 2025"]
[Site "Fagernes"]
[Date "2025.04.17"]
[Round "6.12"]
[White "Kaasen, Tor Fredrik"]
[Black "Adharsh K"]
[Result "1/2-1/2"]
[Annotator "RC"]
[ECO "B67"]
[WhiteElo "2472"]
[BlackElo "2317"]
[PlyCount "72"]
[EventDate "2025.04.12"]
[EventCountry "NOR"]
[SourceTitle "playchess.com"]
[Source "ChessBase"]
[SourceQuality "1"]
[TimeControl "40/6000+30:2400+30"]

1. e4 c5 2. Nf3 d6 3. d4 cxd4 4. Nxd4 Nf6 5. Nc3 Nc6 6. Bg5 e6 7. Qd2 Be7 8. O-O-O a6 9. Kb1 Bd7 10. f3 Nxd4 11. Qxd4 Qc7 12. Qd2 b5 13. h4 h6 14. Be3 h5 15. Bd3 b4 16. Ne2 a5 17. Rc1 Qb7 18. c4 bxc3 19. Rxc3 O-O 20. Rb3 Qc8 21. Rc1 Qe8 22. Nd4 a4 23. Rbc3 Qb8 24. Bg5 Qb4 25. Qf2 Qb6 26. Be3 Qb8 27. Rc7 Bd8 28. R7c2 d5 29. Bg5 dxe4 30. Bxe4 Nxe4 31. fxe4 Qe5 32. Bxd8 Raxd8 33. Qe3 f5 34. Re2 fxe4 35. Nf3 Qf5 36. Qxe4 Bb5 1/2-1/2

[Event "Fagernes Chess GM-Swiss 2025"]
[Site "Fagernes"]
[Date "2025.04.17"]
[Round "6.13"]
[White "Myagmarsuren, Evsuld"]
[Black "Zhou, Yang-Fan"]
[Result "1/2-1/2"]
[Annotator "RC"]
[ECO "B21"]
[WhiteElo "2305"]
[BlackElo "2418"]
[PlyCount "57"]
[EventDate "2025.04.12"]
[EventCountry "NOR"]
[SourceTitle "playchess.com"]
[Source "ChessBase"]
[SourceQuality "1"]
[TimeControl "40/6000+30:2400+30"]

1. e4 c5 2. d3 Nc6 3. f4 g6 4. Nf3 Bg7 5. Be2 d5 6. O-O e6 7. c3 Nge7 8. Na3 O-O 9. Nc2 b5 10. Be3 d4 11. cxd4 cxd4 12. Bf2 Qb6 13. Qd2 Rd8 14. Rfc1 b4 15. Bh4 f6 16. e5 Rf8 17. exf6 Bxf6 18. Bxf6 Rxf6 19. Ne5 Nxe5 20. fxe5 Rf5 21. Qxb4 Qxb4 22. Nxb4 Rxe5 23. Bf3 Rb8 24. Rc7 Rxb4 25. Rxe7 Rc5 26. b3 e5 27. Rf1 Bf5 28. Be4 Bxe4 29. dxe4 1/2-1/2

[Event "Fagernes Chess GM-Swiss 2025"]
[Site "Fagernes"]
[Date "2025.04.17"]
[Round "6.14"]
[White "Fiskaaen, Martin Holten"]
[Black "Vestby-Ellingsen, Mads"]
[Result "1/2-1/2"]
[Annotator "RC"]
[ECO "A05"]
[WhiteElo "2283"]
[BlackElo "2398"]
[PlyCount "57"]
[EventDate "2025.04.12"]
[EventCountry "NOR"]
[SourceTitle "playchess.com"]
[Source "ChessBase"]
[SourceQuality "1"]
[TimeControl "40/6000+30:2400+30"]

1. Nf3 Nf6 2. g3 b5 3. Bg2 Bb7 4. O-O e6 5. b3 c5 6. c4 bxc4 7. bxc4 Be7 8. Nc3 O-O 9. Rb1 Bc6 10. d3 d6 11. e4 Nbd7 12. Qe2 Rb8 13. Bb2 a6 14. Nd2 Qc7 15. f4 Nb6 16. f5 e5 17. g4 h6 18. h4 Nh7 19. Nf3 Na4 20. Nxa4 Bxa4 21. Qd2 Qd8 22. Qf2 g5 23. hxg5 Nxg5 24. Bc3 Nxf3+ 25. Bxf3 Bg5 26. Kg2 f6 27. Rb2 Qc7 28. Rfb1 Rfc8 29. Qe2 1/2-1/2

[Event "Fagernes Chess GM-Swiss 2025"]
[Site "Fagernes"]
[Date "2025.04.17"]
[Round "6.15"]
[White "Eliseev, Sergey"]
[Black "Aradhya, Garg"]
[Result "0-1"]
[Annotator "RC"]
[ECO "C49"]
[WhiteElo "2226"]
[BlackElo "2387"]
[PlyCount "94"]
[EventDate "2025.04.12"]
[EventCountry "NOR"]
[SourceTitle "playchess.com"]
[Source "ChessBase"]
[SourceQuality "1"]
[TimeControl "40/6000+30:2400+30"]

1. e4 e5 2. Nf3 Nc6 3. Nc3 Nf6 4. Bb5 Bb4 5. O-O O-O 6. Bxc6 dxc6 7. d3 Bg4 8. h3 Bh5 9. Kh1 Nd7 10. g4 Bg6 11. Ne2 Bd6 12. Ng3 Nc5 13. h4 f6 14. Rg1 Ne6 15. Nf5 Kh8 16. Qf1 c5 17. Qh3 Qe8 18. b3 b5 19. c4 bxc4 20. bxc4 Rb8 21. h5 Bf7 22. Qh4 Rg8 23. Bh6 Bf8 24. Rab1 Rxb1 25. Rxb1 Qd8 26. Bxg7+ Bxg7 27. h6 Bf8 28. Rb7 Ng5 29. Nxg5 Rxg5 30. Qh3 Be6 31. Qf3 Bxf5 32. exf5 Bxh6 33. Rxa7 Rg8 34. a4 Bf4 35. a5 h5 36. g5 Bxg5 37. a6 Bf4 38. Rb7 Bh6 39. Qxh5 Kh7 40. a7 Qa8 41. Qf3 Rg7 42. Qc6 Bf4 43. f3 Bh6 44. Kh2 Bf4+ 45. Kh3 Qc8 46. Qxf6 Qxb7 47. Qh4+ Bh6 0-1

[Event "Fagernes Chess GM-Swiss 2025"]
[Site "Fagernes"]
[Date "2025.04.17"]
[Round "6.16"]
[White "Blomqvist, Erik"]
[Black "Aamodt, Peder Marcus"]
[Result "0-1"]
[Annotator "RC"]
[ECO "D02"]
[WhiteElo "2475"]
[BlackElo "2242"]
[PlyCount "60"]
[EventDate "2025.04.12"]
[EventCountry "NOR"]
[SourceTitle "playchess.com"]
[Source "ChessBase"]
[SourceQuality "1"]
[TimeControl "40/6000+30:2400+30"]

1. Nf3 d5 2. d4 Nf6 3. Bf4 Bf5 4. e3 e6 5. Bd3 Bxd3 6. Qxd3 Bd6 7. Qb5+ Nbd7 8. Qxb7 Rb8 9. Qxa7 Bxf4 10. exf4 Rxb2 11. Qa3 Rxc2 12. Nc3 Ne4 13. Nxe4 dxe4 14. Ne5 Nxe5 15. Qa4+ Qd7 16. Qxc2 Nd3+ 17. Kf1 Qxd4 18. Rb1 O-O 19. g3 h5 20. Kg2 Ra8 21. Rb5 c5 22. Rhb1 Kh7 23. Rb7 Qd5 24. Qb3 c4 25. Qd1 e3+ 26. Qf3 Rxa2 27. Qxd5 Rxf2+ 28. Kh3 exd5 29. Rxf7 e2 30. Rbb7 e1=Q 0-1

[Event "Fagernes Chess GM-Swiss 2025"]
[Site "Fagernes"]
[Date "2025.04.17"]
[Round "6.17"]
[White "Miezis, Normunds"]
[Black "Skotheim, Andreas"]
[Result "1-0"]
[Annotator "RC"]
[ECO "A34"]
[WhiteElo "2409"]
[BlackElo "2229"]
[PlyCount "85"]
[EventDate "2025.04.12"]
[EventCountry "NOR"]
[SourceTitle "playchess.com"]
[Source "ChessBase"]
[SourceQuality "1"]
[TimeControl "40/6000+30:2400+30"]

1. c4 c5 2. Nc3 g6 3. h4 h6 4. e3 Bg7 5. d4 Nf6 6. d5 d6 7. Be2 e6 8. dxe6 Bxe6 9. Nh3 g5 10. e4 Nc6 11. hxg5 hxg5 12. Bxg5 Qd7 13. Rg1 O-O-O 14. Nf4 Rdg8 15. Qd2 Ne8 16. Nfd5 f5 17. O-O-O Bxd5 18. cxd5 Nd4 19. Bd3 b5 20. exf5 b4 21. Ne2 Nxf5 22. g4 Ne7 23. Rde1 Nc7 24. Nf4 Be5 25. Bxe7 Qxe7 26. Ng6 Rxg6 27. Bxg6 Qf6 28. Bf5+ Kb8 29. Rh1 Bd4 30. Rxh8+ Qxh8 31. Be6 a5 32. f4 c4 33. Qe2 Nb5 34. Bd7 Nc7 35. Bc6 Qh4 36. Rf1 c3 37. bxc3 bxc3 38. Kc2 Ka7 39. Rb1 Bb6 40. a3 Qg3 41. f5 Qf4 42. Rb3 Na6 43. Rxb6 1-0

[Event "Fagernes Chess GM-Swiss 2025"]
[Site "Fagernes"]
[Date "2025.04.17"]
[Round "6.18"]
[White "Lund, Gunnar"]
[Black "Southcott-Moyers, Indy"]
[Result "1/2-1/2"]
[Annotator "RC"]
[ECO "D02"]
[WhiteElo "2341"]
[BlackElo "2227"]
[PlyCount "55"]
[EventDate "2025.04.12"]
[EventCountry "NOR"]
[SourceTitle "playchess.com"]
[Source "ChessBase"]
[SourceQuality "1"]
[TimeControl "40/6000+30:2400+30"]

1. d4 d5 2. Bf4 Nf6 3. e3 e6 4. Nf3 c5 5. c3 Nc6 6. Nbd2 cxd4 7. exd4 Nh5 8. Be3 Bd6 9. Bd3 Nf4 10. Bxf4 Bxf4 11. O-O g6 12. Re1 O-O 13. g3 Bh6 14. a4 Bd7 15. Nb3 b6 16. Qe2 Qc7 17. Bb5 a5 18. Kg2 Ne7 19. Bd3 Rae8 20. h4 Nc6 21. Ne5 Nxe5 22. dxe5 f6 23. h5 Qxe5 24. Qc2 Qg5 25. f4 Qg4 26. Be2 Qf5 27. Bd3 Qg4 28. Be2 1/2-1/2

[Event "Fagernes Chess GM-Swiss 2025"]
[Site "Fagernes"]
[Date "2025.04.17"]
[Round "6.19"]
[White "Vijayakumar, Rishi"]
[Black "Khoo-Thwe, Louis"]
[Result "1-0"]
[Annotator "RC"]
[ECO "D27"]
[WhiteElo "2317"]
[BlackElo "2118"]
[PlyCount "61"]
[EventDate "2025.04.12"]
[EventCountry "NOR"]
[SourceTitle "playchess.com"]
[Source "ChessBase"]
[SourceQuality "1"]
[TimeControl "40/6000+30:2400+30"]

1. d4 d5 2. c4 dxc4 3. Nf3 Nf6 4. e3 e6 5. Bxc4 a6 6. O-O c5 7. e4 b5 8. Be2 Bb7 9. a4 cxd4 10. e5 Ne4 11. axb5 Bc5 12. Qc2 Nd7 13. bxa6 f5 14. b4 Bb6 15. Bb2 Bd5 16. Bc4 Rc8 17. Na3 Ng5 18. Qe2 Nxf3+ 19. gxf3 Rxc4 20. Nxc4 Qg5+ 21. Kh1 Qf4 22. Ra3 d3 23. Nd6+ Ke7 24. Rxd3 Ba8 25. Nb7 Bc7 26. Rxd7+ Kxd7 27. Qb5+ Ke7 28. Qc5+ Ke8 29. Qc6+ Kf8 30. Rd1 h5 31. Rd4 1-0

[Event "Fagernes Chess GM-Swiss 2025"]
[Site "Fagernes"]
[Date "2025.04.17"]
[Round "6.20"]
[White "Hedman, Erik"]
[Black "Brattgjerd, Isak Vinh"]
[Result "1/2-1/2"]
[Annotator "RC"]
[ECO "B11"]
[WhiteElo "2276"]
[BlackElo "2202"]
[PlyCount "47"]
[EventDate "2025.04.12"]
[EventCountry "NOR"]
[SourceTitle "playchess.com"]
[Source "ChessBase"]
[SourceQuality "1"]
[TimeControl "40/6000+30:2400+30"]

1. e4 c6 2. Nf3 d5 3. Nc3 dxe4 4. Nxe4 Nf6 5. Qe2 Nxe4 6. Qxe4 Nd7 7. d4 Nf6 8. Qd3 Qa5+ 9. Bd2 Qf5 10. Qb3 Qe6+ 11. Ne5 Qxb3 12. axb3 Bf5 13. c3 Nd7 14. b4 g6 15. b5 Nxe5 16. dxe5 cxb5 17. Bxb5+ Bd7 18. Bc4 e6 19. h4 h5 20. Ke2 Bc6 21. Rhd1 Bg7 22. Bf4 O-O 23. f3 Rfc8 24. Bb3 1/2-1/2